 Dungeon Crawl Stone Soup version 0.17.1-3-g152610e (webtiles) character file.

43185 Stendarr the Thaumaturge (level 13, -7/114 HPs)
             Began as a Troll Fire Elementalist on Apr 14, 2016.
             Was the Champion of Sif Muna.
             Mangled by a freezing wraith (21 damage)
             ... on level 12 of the Dungeon on Apr 16, 2016.
             The game lasted 01:55:30 (24541 turns).

Stendarr the Thaumaturge (Troll Fire Elementalist) Turns: 24541, Time: 01:55:30

Health: -7/114     AC: 11    Str: 19    XL:     13   Next: 89%
Magic:  6/26       EV: 14    Int: 15    God:    Sif Muna [******]
Gold:   1121       SH: 10    Dex: 12    Spells: 11 memorised, 0 levels left

rFire  + . .     SeeInvis .     k - staff of energy
rCold  . . .     Clarity  .     y - +0 steam dragon armour
rNeg   + + .     SustAt   .     A - +0 shield
rPois  +         Gourm    +     (helmet restricted)
rElec  .         Spirit   .     n - +1 cloak of Hihakkae {rF+ rCorr Dex+2}
rCorr  +         Warding  .     (gloves unavailable)
rMut   .         Stasis   .     (boots unavailable)
MR     .....                    (no amulet)
Stlth  ++........               b - ring of protection from magic
                                w - ring "Faphemoa" {rPois rN++ MR- EV+4}

@: repel missiles, not resistant to hostile enchantments, unstealthy
A: unfitting armour, claws 3, camouflage 1, fast metabolism 3, gourmand,
regeneration 3, shaggy fur 1, tough skin 2
a: Channel Energy, Forget Spell, Renounce Religion


You were on level 12 of the Dungeon.
You worshipped Sif Muna.
Sif Muna was exalted by your worship.
You were not hungry.

You visited 2 branches of the dungeon, and saw 18 of its levels.
You also visited: Labyrinth and Sewer.

You collected 1121 gold pieces.

Inventory:

Missiles
 a - 6 curare-tipped needles
Armour
 n - the +1 cloak of Hihakkae (worn) {rF+ rCorr Dex+2}
   (You found it on level 5 of the Lair of Beasts)

   It affects your dexterity (+2).
   It protects you from fire.
   It protects you from acid and corrosion.
 y - a +0 steam dragon armour (worn)
 A - a +0 shield (worn)
Magical Staves
 k - an uncursed staff of energy (weapon)
 O - an uncursed staff of power
Jewellery
 b - a ring of protection from magic (right claw)
 m - an uncursed ring of wizardry
 s - an uncursed ring of poison resistance
 w - the ring "Faphemoa" (left claw) {rPois rN++ MR- EV+4}
   (You found it on level 4 of the Lair of Beasts)

   [ring of evasion]

   It affects your evasion (+4).
   It protects you from poison.
   It greatly protects you from negative energy.
   It affects your resistance to hostile enchantments.
 F - an uncursed ring of protection from cold
 L - an uncursed ring of teleportation
 P - an uncursed ring of see invisible
 S - a +4 ring of strength
 Y - an uncursed ring of ice
Wands
 g - a wand of draining (9)
 u - a wand of paralysis (11)
 x - a wand of lightning (8)
 D - a wand of fireball (4)
 U - a wand of digging (8)
Scrolls
 e - 2 scrolls of vulnerability {unknown}
 f - 3 scrolls of immolation {unknown}
 j - 2 scrolls of torment {unknown}
 o - 2 scrolls of holy word {unknown}
 q - 3 scrolls of teleportation
 v - 3 scrolls of enchant armour
 z - 7 scrolls of recharging
 C - 3 scrolls of enchant weapon
 E - 2 scrolls of fear
 G - 4 scrolls of magic mapping
 J - 3 scrolls of fog
 K - 4 scrolls of amnesia {unknown}
 M - a scroll of silence {unknown}
Potions
 i - 4 potions of flight
 l - 2 potions of magic {unknown}
 p - a potion of cancellation {unknown}
 r - 5 potions of curing
 B - 2 potions of agility
 H - 6 potions of might
 I - 5 potions of heal wounds
 N - a potion of berserk rage
 Q - 2 potions of haste
 V - a potion of degeneration {unknown}
 W - 3 potions of brilliance {unknown}
Comestibles
 c - 15 bread rations
 d - 2 meat rations
 h - 14 royal jellies


   Skills:
 - Level 4.0 Fighting
 - Level 4.9 Armour
 - Level 1.5 Dodging
 - Level 1.1 Stealth
 + Level 8.6 Shields
 - Level 10.3 Spellcasting
 + Level 7.5 Conjurations
 + Level 7.1 Fire Magic
 - Level 4.0 Invocations


You couldn't memorise any spells.
You knew the following spells:

 Your Spells              Type           Power        Failure   Level  Hunger
a - Flame Tongue          Conj/Fire      ####.        1%          1    None
b - Conjure Flame         Conj/Fire      ####....     1%          3    None
c - Sticky Flame          Conj/Fire      ####....     8%          4    None
d - Throw Flame           Conj/Fire      ####..       1%          2    None
e - Fireball              Conj/Fire      ####......   17%         5    None
f - Inner Flame           Hex/Fire       ###.....     10%         3    None
g - Stone Arrow           Conj/Erth      ###...       10%         3    None
h - Mephitic Cloud        Conj/Pois/Air  ###.....     12%         3    None
i - Fulminant Prism       Conj/Hex       ###.......   24%         4    None
j - Swiftness             Chrm/Air       #.......     17%         2    None
k - Repel Missiles        Chrm/Air       #.....       17%         2    None


Dungeon Overview and Level Annotations

Branches:
Dungeon (12/15)            Temple (0/1) D:6            Lair (6/8) D:8
  Swamp (0/4) Lair:4       Spider (0/4) Lair:4        Slime (0/6) Lair:6
    Orc (0/4) D:12

Altars:
Ashenzari
Cheibriados
Fedhas
Gozag
Makhleb
Ru
Sif Muna
Trog
Vehumet
Xom
Yredelemnul
Zin
The Shining One
Jiyva

Shops:
D:7 =

Annotations:
D:10 Alipheese's ghost, novice NaGl
D:11 Tobisume's ghost, journeyman DsFi
Lair:5 exclusion: oklob plant
Lair:6 Rupert


Innate Abilities, Weirdness & Mutations

You are too large for most types of armour.
You have claws for hands.
Your metabolism is lightning-fast.
You like to eat raw meat.
You regenerate.
You are covered in fur (AC +1).
You have very tough skin (AC +2).
Your skin changes colour to match your surroundings (Stealth).


Message History

Aiming: Sticky Flame
Press: ? - help, Shift-Dir - straight line, f/p - freezing wraith
Aim: a freezing wraith (severely damaged)
The sticky flame hits the freezing wraith.
The freezing wraith appears unharmed.
The freezing wraith is severely damaged.
The freezing wraith barely misses you. The freezing wraith hits you.
* * * LOW HITPOINT WARNING * * *
Unknown command.
Casting: Sticky Flame
Confirm with . or Enter, or press ? or * to list all spells.
Aiming: Sticky Flame
Press: ? - help, Shift-Dir - straight line, f/p - freezing wraith
Aim: a freezing wraith (severely damaged)
You miscast Sticky Flame.
Sif Muna protects you from the effects of your miscast!
The freezing wraith hits you.
* * * LOW HITPOINT WARNING * * *
The freezing wraith freezes you!!
You die...

♣♣≈≈♣≈≈≈♣≈≈♣♣ #♣≈≈≈≈...≈≈≈≈♣#
#≈≈≈≈≈(♣.≈≈≈≈≈# #♣≈≈≈≈.[.≈≈≈≈♣#
♣♣≈≈♣≈≈≈♣≈≈♣♣ ♣♣≈≈≈≈≈≈≈♣♣
♣♣≈≈≈≈≈♣♣ ♣♣≈≈≈♣♣ ♣♣@♣♣ #' #W# ..
♣♣≈♣ ♣♣≈♣♣ #. ♣≈≈C♣ ♣♣≈≈≈♣♣ #.
≈≈≈≈≈♣ ♣♣≈≈≈≈≈♣♣ ####.#####
≈≈≈≈W≈♣♣ ♣♣≈≈≈≈≈≈≈♣♣ #.........
♣≈≈≈♣W≈♣♣ ♣♣≈≈♣≈≈≈♣≈≈♣♣#.........
≈...≈≈≈≈♣#♣≈≈≈≈.).≈≈≈≈♣#.........
♣)≈≈((≈'≈≈≈≈≈.♣.≈≈≈≈≈# #.Q#


You could see a freezing wraith.

Vanquished Creatures
  Maud (Lair:5)
  A minotaur (Lab)
  Snorg (D:10)
  3 hydras
  Erica (D:9)
  4 death yaks (Lair:6)
  2 slime creatures (D:12)
  2 unseen horrors
  Pikel (D:3)
  5 hill giants
  2 ugly things
  2 centaur zombies
  A cyclops (D:12)
  3 black mambas
  6 elephants
  A gargoyle (D:10)
  7 spiny frogs
  A griffon (Lair:6)
  A kobold demonologist (D:12)
  6 komodo dragons
  A two-headed ogre (D:12)
  A fire drake (Lair:5)
  A queen bee (Lair:3)
  12 blink frogs
  4 trolls
  A minotaur skeleton (Lab)
  A spriggan (D:7)
  A water elemental (D:12)
  2 deep elf magi
  25 yaks
  3 wyverns
  A shadow (D:11)
  A fire elemental (Lair:4)
  A hungry ghost (Lab)
  A fire bat (Lair:4)
  14 wolves
  A steam dragon (D:5)
  2 basilisks
  4 hippogriffs
  5 vampire mosquitoes (Lair:4)
  8 porcupines
  6 water moccasins
  2 orc warriors
  The ghost of juanjsm the Stinger, an amateur SpVM (D:4)
  A mottled dragon (D:11)
  An eye of draining (D:12)
  2 ice beasts
  A necrophage (D:10)
  A phantom (D:5)
  A sky beast (D:10)
  3 black bears
  3 ogres
  13 crocodiles
  5 centaurs
  17 giant frogs
  A wyvern skeleton (D:12)
  3 scorpions
  8 wights
  23 killer bees (Lair:3)
  6 electric eels
  3 quasits
  6 crimson imps
  2 giant frog zombies (D:8)
  7 iguanas
  5 jellies
  3 orc priests
  4 orc wizards
  A giant frog skeleton (D:5)
  3 centaur skeletons
  7 hounds
  10 worker ants
  6 sheep
  2 killer bee zombies
  2 hound zombies
  7 gnolls
  16 river rats
  18 adders
  3 shadow imps
  3 oozes
  An adder zombie (D:7)
  A worm (D:2)
  25 orcs
  5 bats
  4 giant cockroaches
  2 gnoll zombies (D:8)
  13 goblins
  7 hobgoblins
  6 jackals
  9 quokkas
  16 ball pythons
  2 giant geckos
  A giant gecko skeleton (D:5)
  5 giant newts
  2 jackal skeletons
  4 kobolds (D:2)
  A quokka skeleton (D:9)
  28 rats
  A fulminant prism (D:11)
  A fungus (Lair:6)
481 creatures vanquished.

Vanquished Creatures (others)
  A slave (D:4)
  A scorpion (D:4)
  An iguana (D:4)
  A giant cockroach (D:4)
  21 fulminant prisms
  6 fungi
  4 plants
35 creatures vanquished.

Grand Total: 516 creatures vanquished

Notes
Turn   | Place    | Note
--------------------------------------------------------------
     0 | D:1      | Stendarr the Troll Fire Elementalist began the quest for the Orb.
     0 | D:1      | Reached XP level 1. HP: 16/16 MP: 1/1
   144 | D:1      | Reached skill level 1 in Conjurations
   251 | D:1      | Reached XP level 2. HP: 24/24 MP: 2/2
   701 | D:2      | Reached XP level 3. HP: 31/31 MP: 0/3
  1143 | D:2      | Learned a level 3 spell: Conjure Flame
  1518 | D:3      | Reached XP level 4. HP: 31/39 MP: 4/4
  2345 | D:4      | Found a bloodstained altar of Trog.
  2354 | D:4      | Noticed a slave
  2354 | D:4      | Noticed a slave
  2355 | D:4      | Noticed Pikel
  2355 | D:4      | Noticed a slave
  2360 | D:4      | Noticed a slave
  2654 | D:3      | Killed Pikel
  2654 | D:3      | Reached skill level 4 in Conjurations
  2654 | D:3      | Reached XP level 5. HP: 17/45 MP: 0/5
  2654 | D:3      | Reached XP level 6. HP: 20/53 MP: 0/6
  2654 | D:3      | Reached XP level 7. HP: 22/59 MP: 0/7
  2912 | D:4      | Found an opulent altar of Gozag.
  3086 | D:4      | Killed a freed slave
  3174 | D:4      | Noticed juanjsm's ghost (amateur SpVM)
  3199 | D:4      | Killed juanjsm's ghost
  3476 | D:4      | Found a deep blue altar of Sif Muna.
  3525 | D:4      | Became a worshipper of Sif Muna the Loreminder
  3800 | D:5      | Entered Level 5 of the Dungeon
  4031 | D:5      | Reached skill level 5 in Conjurations
  4039 | D:5      | Reached skill level 5 in Fire Magic
  4107 | D:5      | Found a glowing golden altar of the Shining One.
  4346 | D:5      | Reached XP level 8. HP: 61/67 MP: 8/8
  4478 | D:5      | Reached * piety under Sif Muna
  4696 | D:5      | Found a shattered altar of Ashenzari.
  4786 | D:5      | Learned a level 4 spell: Sticky Flame
  4918 | D:5      | Reached skill level 1 in Invocations
  4943 | D:5      | Found a burning altar of Makhleb.
  4944 | D:5      | Found a radiant altar of Vehumet.
  5447 | D:6      | Found a staircase to the Ecumenical Temple.
  5457 | D:6      | Found a glowing drain.
  5469 | D:6      | Reached skill level 6 in Fire Magic
  5790 | Sewer    | Entered a sewer
  6192 | Sewer    | Reached ** piety under Sif Muna
  6425 | Sewer    | Reached XP level 9. HP: 64/74 MP: 2/10
  6515 | Sewer    | Gained mutation: You regenerate. [potion of beneficial mutation]
  6567 | D:6      | Found a snail-covered altar of Cheibriados.
  7234 | D:7      | Found Xavvet's Jewellery Shoppe.
  7323 | D:7      | Reached skill level 7 in Fire Magic
  7505 | D:7      | Found a sacrificial altar of Ru.
  7565 | D:7      | Found a snail-covered altar of Cheibriados.
  7728 | D:8      | Found a staircase to the Lair.
  7729 | D:8      | Noticed an elephant
  7933 | D:7      | Killed an elephant
  7933 | D:7      | Reached *** piety under Sif Muna
  8372 | D:8      | Found a glowing silver altar of Zin.
  8372 | D:8      | Noticed an angel
  8374 | D:8      | Found a shimmering altar of Xom.
  8490 | D:8      | Found a basalt altar of Yredelemnul.
  8911 | D:8      | Found a blossoming altar of Fedhas.
  8920 | D:8      | Gained mutation: Your skin changes colour to match your surroundings (Stealth). [potion of beneficial mutation]
  9038 | D:9      | Noticed Erica
  9066 | D:9      | Learned a level 2 spell: Throw Flame
  9090 | D:9      | Killed Erica
  9090 | D:9      | Reached XP level 10. HP: 53/81 MP: 5/15
  9177 | D:9      | Reached **** piety under Sif Muna
  9531 | D:9      | You fall through a shaft for 3 floors!
  9531 | D:12     | Found a staircase to the Orcish Mines.
  9531 | D:12     | Noticed an eight-headed hydra
  9638 | D:11     | Reached skill level 1 in Shields
  9657 | D:11     | Noticed a brown ugly thing
  9699 | D:11     | Killed a brown ugly thing
  9830 | D:11     | Noticed a hill giant
  9839 | D:10     | Entered Level 10 of the Dungeon
  9875 | D:10     | Found a snail-covered altar of Cheibriados.
 10134 | D:10     | Reached skill level 5 in Spellcasting
 10364 | D:10     | Reached ***** piety under Sif Muna
 10396 | D:10     | Noticed Alipheese's ghost (novice NaGl)
 10952 | D:10     | Noticed Snorg
 11142 | D:10     | Noticed a hill giant
 11167 | D:10     | Killed a hill giant
 11167 | D:10     | Reached skill level 5 in Shields
 11503 | Lair:1   | Entered Level 1 of the Lair of Beasts
 11533 | Lair:1   | Noticed a four-headed hydra
 11566 | Lair:1   | Killed a four-headed hydra
 11566 | Lair:1   | Reached XP level 11. HP: 43/88 MP: 9/18
 12648 | Lair:2   | Learned a level 5 spell: Fireball
 12652 | Lair:2   | Learned a level 3 spell: Inner Flame
 12668 | Lair:2   | Noticed an eight-headed hydra
 12693 | Lair:2   | Killed an eight-headed hydra
 13530 | Lair:3   | Found a labyrinth entrance.
 13544 | Lab      | Entered a labyrinth
 14126 | Lab      | Noticed a minotaur
 14144 | Lab      | Killed a minotaur
 14210 | Lair:3   | Learned a level 3 spell: Stone Arrow
 14488 | Lair:3   | Reached ****** piety under Sif Muna
 14488 | Lair:3   | Received a gift from Sif Muna
 14493 | Lair:3   | Identified Sif Muna's Handbook of Combat Magic and the Blaze (Sif Muna gifted it to you on level 3 of the Lair of Beasts)
 14498 | Lair:3   | Learned a level 3 spell: Mephitic Cloud
 15402 | Lair:3   | Reached XP level 12. HP: 73/96 MP: 3/22
 15949 | Lair:3   | Reached skill level 8 in Spellcasting
 16413 | Lair:4   | Reached skill level 1 in Fighting
 16571 | Lair:4   | Got an ancient amber ring
 16573 | Lair:4   | Identified the ring "Faphemoa" {rPois rN++ MR- EV+4} (You found it on level 4 of the Lair of Beasts)
 16774 | Lair:4   | Noticed a fire dragon
 17333 | Lair:4   | Found a staircase to the Swamp.
 17383 | Lair:4   | Found a hole to the Spider Nest.
 17826 | Lair:5   | Noticed Maud
 17852 | Lair:5   | Killed Maud
 17852 | Lair:5   | Reached skill level 9 in Spellcasting
 18037 | Lair:5   | Got a spiked cloak
 18054 | Lair:5   | Identified the +1 cloak of Hihakkae {rF+ rCorr Dex+2} (You found it on level 5 of the Lair of Beasts)
 18104 | Lair:5   | Received a gift from Sif Muna
 18105 | Lair:5   | Identified Sif Muna's Guide on the Damaging Entourage (Sif Muna gifted it to you on level 5 of the Lair of Beasts)
 18111 | Lair:5   | Learned a level 4 spell: Fulminant Prism
 19551 | Lair:6   | Reached XP level 13. HP: 111/111 MP: 16/25
 20053 | Lair:6   | Found a viscous altar of Jiyva.
 20053 | Lair:6   | Found a staircase to the Slime Pits.
 20116 | Lair:6   | Noticed Rupert
 20313 | Lair:6   | Reached skill level 10 in Spellcasting
 20324 | Lair:6   | Reached skill level 1 in Armour
 20684 | D:10     | Killed Snorg
 20893 | D:10     | Noticed a hill giant
 20906 | D:10     | Killed a hill giant
 21160 | D:11     | Killed a hill giant
 21161 | D:11     | Noticed a hill giant
 21176 | D:11     | Killed a hill giant
 21376 | D:11     | Noticed Tobisume's ghost (journeyman DsFi)
 22936 | D:12     | Killed an eight-headed hydra
 23717 | D:12     | Received a gift from Sif Muna
 23724 | D:12     | Learned a level 2 spell: Swiftness
 23727 | D:12     | Learned a level 2 spell: Repel Missiles
 23824 | D:12     | Noticed a tengu reaver
 24283 | D:12     | Noticed a purple ugly thing
 24301 | D:12     | Noticed an unseen horror
 24301 | D:12     | Killed an unseen horror
 24422 | D:12     | Killed a purple ugly thing
 24510 | D:12     | Noticed a cyclops
 24518 | D:12     | Noticed a hill giant
 24531 | D:12     | Killed a cyclops
 24541 | D:12     | Mangled by a freezing wraith

Action                   |  1- 3 |  4- 6 |  7- 9 | 10-12 | 13-15 || total
-------------------------+-------+-------+-------+-------+-------++-------
Melee: Unarmed           |   119 |       |       |       |       ||   119
       Short sword       |    31 |    54 |       |       |       ||    85
       Whip              |       |       |   535 |    59 |       ||   594
       Staff             |       |       |       |    71 |    56 ||   127
 Cast: Flame Tongue      |    13 |    27 |   198 |   224 |   154 ||   616
       Conjure Flame     |       |     1 |       |     9 |     8 ||    18
       Sticky Flame      |       |       |    36 |   155 |    85 ||   276
       Throw Flame       |       |       |       |    70 |    43 ||   113
       Stone Arrow       |       |       |       |    11 |    31 ||    42
       Fulminant Prism   |       |       |       |     2 |    20 ||    22
       Mephitic Cloud    |       |       |       |     2 |    15 ||    17
       Inner Flame       |       |       |       |     1 |     3 ||     4
       Repel Missiles    |       |       |       |       |     1 ||     1
Invok: Channel Energy    |       |       |     7 |    40 |    77 ||   124
  Use: Scroll            |       |       |    16 |    13 |     3 ||    32
       Potion            |       |       |     6 |       |       ||     6
 Stab: Sleeping          |     2 |     1 |     1 |       |       ||     4
       Confused          |       |       |       |       |     1 ||     1
  Eat: Chunk             |    20 |     6 |    65 |    97 |    48 ||   236
       Pizza             |       |       |     2 |     2 |     1 ||     5
       Meat ration       |       |       |     1 |     3 |       ||     4
       Fruit             |       |       |       |     7 |       ||     7
       Beef jerky        |       |       |       |     3 |     1 ||     4
       Bread ration      |       |       |       |       |     1 ||     1
